Cogmind - Beta 13 @@@ ROGUE MODE // 2024.07.22 @ 16:59:52 Player: OctagonalPrism Result: Destroyed by S-10 Pest with Light Assault Rifle Performance ------------- Evolutions (2) 1000 Regions Visited (5) 1000 Robots Destroyed (63) 315 Value Destroyed (1934) 1934 Prototype IDs (2) 40 Alien Tech Used (0) 0 Bonus (122) 122 TOTAL SCORE: 4411 Bonus ------- High Alert Combat Kills 122 Cogmind --------- Core Integrity 0/550 Matter 295/300 Energy 23/100 System Corruption 44% Temperature Cool (0) Movement Walking (120) Location -8/Materials Parts ------- > --- POWER (1) -------- (None) > --- PROPULSION (4) --- Aluminum Leg Aluminum Leg > --- UTILITY (4) ------ Improved Heat Sink Improved Signal Interpreter Advanced Targeting Computer Advanced Targeting Computer > --- WEAPON (2) ------- Spear > --- INVENTORY (5) ---- Enhanced Autogun Peak State ------------ > --- POWER ------------ Light Deuterium Engine > --- PROPULSION ------- Aluminum Leg Aluminum Leg Aluminum Leg Carbon-fiber Leg > --- UTILITY ---------- Advanced Targeting Computer Advanced Targeting Computer Advanced Targeting Computer Light Armor Plating > --- WEAPON ----------- Enhanced Autogun Spear > --- INVENTORY -------- EM Pulse Cannon Enhanced Autogun Gauss Rifle Advanced EMP Blaster Concussive RPG [Rating: 28] Favorites ----------- Power Ion Engine Engine Ion Engine Power Core Light Nuclear Core Propulsion Aluminum Leg Treads Improved Treads Leg Aluminum Leg Flight Unit Flight Unit Utility Advanced Targeting Computer Device Improved Heat Sink Storage Small Storage Unit Processor Advanced Targeting Computer Protection Light Armor Plating Weapon Hammer Energy Gun EM Shotgun Energy Cannon EM Pulse Cannon Ballistic Gun Assault Rifle Launcher Advanced EMP Blaster Impact Weapon Hammer Piercing Weapon Spear Build | -11 -10 -10 -10 -9 -8 ------- Run | Yrd Mat Min Exi Min Mat Slots Evolved 4 | . . . . . 4 Power . | . . . . . . Propulsion 2 | . . . . . 2 Utility 2 | . . . . . 2 Weapon . | . . . . . . Parts Attached 84 | 7 4 3 . 5 65 Power 11 | 1 1 1 . . 8 Engine 6 | 1 1 1 . . 3 Core 5 | . . . . . 5 Reactor . | . . . . . . Propulsion 27 | 2 . 1 . 2 22 Treads 2 | . . . . . 2 Leg 15 | 2 . 1 . . 12 Wheel . | . . . . . . Hover . | . . . . . . Flight 10 | . . . . 2 8 Utility 15 | 2 2 . . . 11 Device 2 | 1 . . . . 1 Storage 1 | 1 . . . . . Processor 10 | . 2 . . . 8 Hackware . | . . . . . . Protection 2 | . . . . . 2 Artifact . | . . . . . . Weapon 31 | 2 1 1 . 3 24 Energy Gun 1 | . . . . . 1 Energy Cannon 2 | . . . . . 2 Ballistic Gun 16 | 2 . . . 1 13 Ballistic Cannon . | . . . . . . Launcher 8 | . . 1 . 1 6 Special Weapon . | . . . . . . Impact Weapon 2 | . 1 . . 1 . Slashing Weapon . | . . . . . . Piercing Weapon 2 | . . . . . 2 Special Melee Weapon . | . . . . . . Unidentified Prototypes 2 | . . . . . 2 Corrupted Parts 5 | . . . . . 5 System Corruption 35 | . . . . . 35 Parts Lost 40 | . 1 2 . 4 33 Power 8 | . . 1 . 1 6 Propulsion 16 | . . . . 2 14 Utility 7 | . 1 . . 1 5 Weapon 9 | . . 1 . . 8 Highest Loss Streak 8 | . 1 2 . 4 8 To Critical Strikes . | . . . . . . Average Slot Usage (%) 82 | . 98 94 85 56 70 Engine 8 | . 14 13 14 1 2 Leg 22 | . 28 28 28 6 17 Flight 3 | . . . . 18 6 Storage 9 | . 14 14 14 14 1 Processor 14 | . 11 14 14 1 19 Protection 1 | . . . . . 3 Ballistic Gun 10 | . 27 9 . 1 9 Impact Weapon 6 | . . 14 14 12 1 Naked Turns . | . . . . . . Heaviest Build 16 | 14 14 12 12 12 16 Greatest Support 46 | 20 20 20 20 20 46 Greatest Overweight (x) 4 | . . . . . 4 Average Overweight (x) . | . . . . . . Largest Inventory Capacity 8 | 8 8 8 8 8 8 Average Capacity 7 | 7 8 8 8 8 5 Most Carried 8 | 3 8 8 6 6 5 Average Carried 4 | 1 5 7 6 5 3 Final Capacity 8 | 8 8 8 8 8 5 Final Carried 8 | 1 8 6 6 5 1 Class Distribution -------------------- 81% | Mutant 15% | Scavenger-Mutant Dominant Class ---------------- Mutant | -10/Materials Mutant | -10/Mines Mutant | -10/Exiles Mutant | -9/Mines Mutant | -8/Materials Resources | -11 -10 -10 -10 -9 -8 ----------- Run | Yrd Mat Min Exi Min Mat Matter Collected 1447 | 240 187 26 . 55 939 Remotely . | . . . . . . Salvage Created 2153 | 61 279 26 . 185 1602 Parts 119 | 7 19 3 . 6 84 Haulers Intercepted 1 | . . . . . 1 Recyclers Shooed 2 | . 1 . . . 1 Parts Field Recycled . | . . . . . . Retrieved Matter . | . . . . . . Parts Self-Destructed . | . . . . . . Prevented . | . . . . . . Kills | -11 -10 -10 -10 -9 -8 ------- Run | Yrd Mat Min Exi Min Mat Combat Hostiles Destroyed 44 | . 9 3 . 5 27 Melee 5 | . . . . 2 3 Guns 17 | . 9 . . . 8 Cannons 3 | . . . . . 3 AOE 16 | . . 3 . 2 11 Classes Destroyed 12 | 1 4 . . . 7 Worker 2 | . . . . . 2 Builder 7 | . . . . . 7 Tunneler 3 | 3 . . . . . Hauler 1 | . . . . . 1 Recycler 2 | . . . . . 2 Operator 1 | . 1 . . . . Watcher 3 | . 1 . . . 2 Swarmer 9 | . 6 3 . . . Grunt 28 | . 3 . . 5 20 Sentry 5 | . . . . . 5 Specialist 1 | . . . . . 1 Heavy 1 | . . . . . 1 Best Kill Streak 9 | 1 5 3 . 2 9 Combat Bots Only 8 | . 5 3 . 2 8 Max Kills in Single Turn 3 | 1 1 3 . 1 3 Gunslinging . | . . . . . . Exploded 3 | . . 3 . 1 3 Melee 1 | . . . . 1 1 Uniques/NPCs Destroyed . | . . . . . . Combat | -11 -10 -10 -10 -9 -8 -------- Run | Yrd Mat Min Exi Min Mat Hostile Shots Fired 390 | . 53 29 . 48 260 Missed 106 | . 18 4 . 16 68 Damage Taken 4258 | . 313 196 . 409 3340 Core 758 | . 28 57 . 119 554 Absorbed by Shields . | . . . . . . Core Remaining (%) 59 | 100 . . . 18 . Volleys Fired 95 | 8 25 2 . 3 57 Largest 2 | 2 2 1 . 2 2 Hottest 91 | 40 40 30 . 53 91 Shots Fired 167 | 16 50 2 . 6 93 Gun 147 | 16 50 1 . 3 77 Cannon 6 | . . . . . 6 Launcher 14 | . . 1 . 3 10 Special . | . . . . . . Kinetic 145 | 16 50 1 . 3 75 Thermal . | . . . . . . Explosive 9 | . . 1 . 3 5 Electromagnetic 13 | . . . . . 13 Robot Hit Streak 25 | 6 6 2 . 4 25 Robot Miss Streak 7 | 1 7 . . 1 2 Penetration Max 1 | . . . . . 1 Secondary Targets 5 | . 4 . . . 1 Max Gunslinging Chain 1 | . 1 . . . 1 Shots Hit Robots 146 | 11 27 4 . 14 90 Core Hits 94 | 4 18 3 . 8 61 Critical Kills 2 | . 2 . . . . Critical Parts Destroyed 3 | . . . . 1 2 Critical Strikes 7 | . 2 . . 1 4 Destroy 3 | . 2 . . . 1 Smash 2 | . . . . 1 1 Impale 2 | . . . . . 2 Melee Attacks 51 | . . 5 . 13 33 Impact 36 | . . 5 . 13 18 Slashing . | . . . . . . Piercing 15 | . . . . . 15 Sneak Attacks 2 | . . . . . 2 Combat Hostiles . | . . . . . . Follow-up Attacks . | . . . . . . Damage Inflicted 4558 | 110 300 225 . 482 3441 Guns 1602 | 110 300 10 . . 1182 Cannons 125 | . . . . . 125 Explosions 2054 | . . 152 . 164 1738 Melee 777 | . . 63 . 318 396 Ramming . | . . . . . . Kinetic 1565 | 110 300 10 . . 1145 Thermal 422 | . . . . . 422 Explosive 1336 | . . 152 . 164 1020 Electromagnetic 458 | . . . . . 458 Impact 503 | . . 63 . 318 122 Slashing . | . . . . . . Piercing 274 | . . . . . 274 Highest Corruption 44 | . . . . . 44 Average Corruption 14 | . . . . . 14 Corruption Purged . | . . . . . . Corruption Blocked . | . . . . . . Effects 29 | . . . . . 29 Message Errors 3 | . . . . . 3 Matter Fused 6 | . . . . . 6 Heat Flow Errors 4 | . . . . . 4 Energy Discharges 7 | . . . . . 7 Data Loss (minor) 5 | . . . . . 5 Alerts 1 | . . . . . 1 Misdirections 1 | . . . . . 1 Weapon Failures 2 | . . . . . 2 Overload Shots . | . . . . . . Overflow Damage 173 | . . . . 32 141 Projectiles . | . . . . . . Explosions 102 | . . . . . 102 Melee 71 | . . . . 32 39 Knockbacks 2 | . . . . 2 . Impact 2 | . . . . 2 . Kinetic . | . . . . . . Secondary . | . . . . . . Self-Inflicted Damage 197 | . . . . 14 183 Shots 7 | . . . . 1 6 Rammed . | . . . . . . Targets Rammed . | . . . . . . Kicked . | . . . . . . Crushed . | . . . . . . Highest Temperature 235 | . 21 . . 8 235 Average Temperature 59 | . 7 . . 8 64 Received Heat Transfer 1614 | . 45 . . 246 1323 Siege Activations . | . . . . . . Robots Corrupted 2 | . . . . . 2 Combat Hostiles 2 | . . . . . 2 Parts Fried 4 | . . . . 1 3 Impact Corruptions 3 | . . . . 2 1 Robots Melted . | . . . . . . Combat Hostiles . | . . . . . . Parts Melted 2 | . . . . . 2 Heat Transferred 450 | . . . . . 450 Parts Sabotaged . | . . . . . . Parts Stolen . | . . . . . . Parts Stripped . | . . . . . . Power Chain Reactions 3 | . . . . . 3 Alert | -11 -10 -10 -10 -9 -8 ------- Run | Yrd Mat Min Exi Min Mat Peak Influence 526 | 15 302 117 . 127 526 Initial 51 | . 9 51 . . 49 Average 166 | 6 161 68 . 51 243 Maximum Alert Level 2 | . 1 . . . 2 Low Security (%) 63 | 100 54 100 . 100 45 Level 1 26 | . 45 . . . 31 Level 2 10 | . . . . . 22 Level 3 . | . . . . . . Level 4 . | . . . . . . Level 5 . | . . . . . . High Security . | . . . . . . Max Security . | . . . . . . Squads Dispatched 10 | . 2 . . . 8 Investigation 3 | . 1 . . . 2 Extermination . | . . . . . . Reinforcement 7 | . 1 . . . 6 Assault . | . . . . . . Garrison . | . . . . . . Intercept . | . . . . . . Searches Triggered . | . . . . . . Construction Impeded 3 | . . . . . 3 Haulers Reinforced . | . . . . . . Active Scanning Responses . | . . . . . . Cargo Convoy Interrupts . | . . . . . . Stealth | -11 -10 -10 -10 -9 -8 --------- Run | Yrd Mat Min Exi Min Mat Distress Signals 5 | . 1 . . . 4 Communications Jammed . | . . . . . . Distress Signals . | . . . . . . Times Spotted 73 | . 16 3 . 6 48 Peak Tracking Total 8 | . 7 3 . 3 8 Tactical Retreats 6 | . 1 . . . 5 Traps | -11 -10 -10 -10 -9 -8 ------- Run | Yrd Mat Min Exi Min Mat Traps Triggered 1 | . 1 . . . . Indirectly . | . . . . . . Trap Hack Attempts . | . . . . . . Triggered . | . . . . . . Disarmed . | . . . . . . Reprogrammed . | . . . . . . Reused . | . . . . . . Traps Extracted . | . . . . . . Installed . | . . . . . . Triggered 3 | . . 1 . . 2 Machines | -11 -10 -10 -10 -9 -8 ---------- Run | Yrd Mat Min Exi Min Mat Machines Disabled 9 | . . . . . 9 Max in Single Turn 3 | . . . . . 3 Machines Repaired . | . . . . . . Machines Dismantled . | . . . . . . Machines Sabotaged . | . . . . . . Overloaded Fab Kills . | . . . . . . Hacking | -11 -10 -10 -10 -9 -8 --------- Run | Yrd Mat Min Exi Min Mat Machines Accessed 13 | . 3 . 4 . 6 Terminals 8 | . 3 . . . 5 Fabricators . | . . . . . . Repair Stations 1 | . . . . . 1 Recycling Units . | . . . . . . Scanalyzers . | . . . . . . Garrison Access . | . . . . . . Total Hacks 28 | . 7 . 4 . 17 Successful 19 | . 4 . 4 . 11 Failed 9 | . 3 . . . 6 Catastrophic 1 | . . . . . 1 Database Lockouts . | . . . . . . Manual 13 | . 4 . . . 9 Terminals 23 | . 7 . . . 16 Fabricators . | . . . . . . Repair Stations 1 | . . . . . 1 Recycling Units . | . . . . . . Scanalyzers . | . . . . . . Garrison Access . | . . . . . . Terminal Hacks 14 | . 3 . 4 . 7 Record 4 | . . . 4 . . Robot Analysis 1 | . 1 . . . . Branch Access Points 2 | . 1 . . . 1 Alert Level 3 | . . . . . 3 Unreport Threat 2 | . . . . . 2 Locate Traps 1 | . . . . . 1 Zone Layout 1 | . 1 . . . . Fabricator Hacks . | . . . . . . Repair Station Hacks 1 | . . . . . 1 Scan Component 1 | . . . . . 1 Recycling Unit Hacks . | . . . . . . Scanalyzer . | . . . . . . Garrison Access Hacks . | . . . . . . Unauthorized Hacks 4 | . 1 . . . 3 Terminals 4 | . 1 . . . 3 Botnet 4 | . 1 . . . 3 Fabricators . | . . . . . . Repair Stations . | . . . . . . Recycling Units . | . . . . . . Scanalyzers . | . . . . . . Garrison Access . | . . . . . . Data Cores Recovered . | . . . . . . Used . | . . . . . . Hacking Detections 7 | . 1 . . . 6 Full Trace Events 2 | . . . . . 2 Feedback Events . | . . . . . . Feedback Blocked . | . . . . . . Robot Schematics Acquired . | . . . . . . Robots Built . | . . . . . . Authchips . | . . . . . . Time . | . . . . . . Total Robot Build Rating . | . . . . . . Part Schematics Acquired . | . . . . . . Parts Built . | . . . . . . Authchips . | . . . . . . Time . | . . . . . . Total Part Build Rating . | . . . . . . Parts Repaired . | . . . . . . Time . | . . . . . . Parts Recycled . | . . . . . . Recycled Matter . | . . . . . . Retrieved Matter . | . . . . . . Retrieved Components . | . . . . . . Parts Scanalyzed . | . . . . . . Part Schematics Acquired . | . . . . . . Parts Damaged . | . . . . . . Bothacking | -11 -10 -10 -10 -9 -8 ------------ Run | Yrd Mat Min Exi Min Mat Used RIF Installer . | . . . . . . Robots Hacked . | . . . . . . Non-combat . | . . . . . . Combat . | . . . . . . Robot Hacks Applied . | . . . . . . Relay Couplers Released . | . . . . . . Fabnet Peak Effective % . | . . . . . . Robots Rewired . | . . . . . . Allies Hacked . | . . . . . . Hacks Repelled . | . . . . . . Allies | -11 -10 -10 -10 -9 -8 -------- Run | Yrd Mat Min Exi Min Mat Total Allies 1 | . . . . 1 . Largest Group 1 | . . . . 1 1 Highest-Rated Group 31 | . . . . 31 31 Highest-Rated Ally 31 | . . . . 31 31 Total Orders . | . . . . . . Ally Attacks 4 | . . . . . 4 Total Damage 82 | . . . . . 82 Kills . | . . . . . . Allies Corrupted . | . . . . . . Allies Melted . | . . . . . . Intel | -11 -10 -10 -10 -9 -8 ------- Run | Yrd Mat Min Exi Min Mat Robot Analysis Total 1 | . 1 . . . . Derelict Logs Recovered 1 | . . 1 . . . Drone Launches . | . . . . . . Drone Recoveries . | . . . . . . Exploration | -11 -10 -10 -10 -9 -8 ------------- Run | Yrd Mat Min Exi Min Mat Turns Passed 2505 | 119 522 329 517 123 895 Spaces Moved 1885 | 71 354 255 431 171 603 Core 24 | 5 . . . . 19 Treads 8 | . . . . . 8 Legs 1459 | 66 354 255 431 6 347 Wheels . | . . . . . . Hover . | . . . . . . Flight 394 | . . . . 165 229 Fastest Speed 29 | 50 120 120 120 37 29 Average Speed 102 | 115 120 120 120 39 89 Slowest Speed 250 | 120 120 120 120 120 250 Overloaded Moves . | . . . . . . Propulsion Burnouts . | . . . . . . Robots Hopped 4 | . . . . 2 2 Cave-ins Triggered 1 | . . . . . 1 Exploration Rate (%) 48 | 5 65 54 91 26 50 Regions Visited 5 Branch Regions 3 Pre-discovered Areas . | . . . . . . Known Exits Taken 1 | . 1 . . . . Unknown Exits Taken 4 | 1 . 1 1 1 . Scrap Searched . | . . . . . . Spaces Dug 10 | . . . . . 10 Terrain Destroyed 132 | . . 6 . 35 91 Melee 10 | . . . . . 10 Projectile . | . . . . . . AOE 122 | . . 6 . 35 81 Terrain Rammed . | . . . . . . Walls Destroyed . | . . . . . . Machines Disabled . | . . . . . . Actions | -11 -10 -10 -10 -9 -8 --------- Run | Yrd Mat Min Exi Min Mat Total 2195 | 92 405 267 430 194 807 Wait 46 | 2 15 1 . 2 26 Move 1872 | 70 353 254 430 166 599 Hop 4 | . . . . 2 2 Pick Up 26 | 5 6 . . 1 14 Fast Attach 34 | 3 3 . . . 28 Attach 27 | 4 . 2 . 4 17 Detach 5 | . . 1 . 2 2 Swap 23 | . 1 1 . 1 20 Drop 12 | . 2 1 . . 9 Fire 95 | 8 25 2 . 3 57 Melee 51 | . . 5 . 13 33 Ram . | . . . . . . Kick . | . . . . . . Crush . | . . . . . . Escape Stasis . | . . . . . . Rewire . | . . . . . . Trap . | . . . . . . Miscellaneous . | . . . . . . Route ------- -11/Scrapyard -10/Materials (discovered 3 exits: [*Mat] / *Min x2) -10/Mines (discovered 2 exits: [*Mat] / *Exi) -10/Exiles -9/Mines -8/Materials History --------- Turn | Location | Event 4 | -11/Scrapyard | Discovered new exit (range 15) 120 | -11/Scrapyard | Entered Materials 325 | -10/Materials | Build established: Mutant 397 | -10/Materials | Discovered new exit (range 3) 472 | -10/Materials | Identified exit to Mines 642 | -10/Materials | Entered Mines 681 | -10/Mines | Met a Derelict bent on vengeance 683 | -10/Mines | Learned Materials security intel 941 | -10/Mines | Discovered new exit (range 6) 965 | -10/Mines | Deemed a non-threat by the Exiles lab entrance 966 | -10/Mines | Discovered new exit (range 5) 971 | -10/Mines | Entered Exiles 971 | -10/Exiles | Found Exiles lab abandoned 1474 | -10/Exiles | Discovered new exit (range 14) 1488 | -10/Exiles | Entered Mines 1511 | -9/Mines | Core integrity fell below 50% 1555 | -9/Mines | Lost 4 parts (1p2n1u) 1587 | -9/Mines | Core integrity fell below 20% 1603 | -9/Mines | Escorted by a lone wolf Derelict 1604 | -9/Mines | Discovered new exit (range 11) 1611 | -9/Mines | Entered Materials 1611 | -8/Materials | Accompanied by 1 ally 1611 | -8/Materials | Evolved 4 slots: Propulsion x2, Utility x2 1776 | -8/Materials | Lost 3 parts (1p1u1w) 1872 | -8/Materials | Lost 8 parts (4n4w) 1884 | -8/Materials | Crushed by falling debris 2258 | -8/Materials | Build established: Scavenger-Mutant 2354 | -8/Materials | Core integrity fell below 50% 2367 | -8/Materials | System corruption reached 10% 2374 | -8/Materials | System corruption reached 30% 2422 | -8/Materials | Destroyed 8 combat bots 2432 | -8/Materials | Lost 8 parts (1p6n1w) 2439 | -8/Materials | Core integrity fell below 20% 2506 | -8/Materials | Destroyed by S-10 Pest with Light Assault Rifle Last Messages --------------- G-47 Trooper destroyed. System corrupted: Matter fused (-10). G-47 Trooper destroyed. Acquired Aluminum Leg. Acquired 59 matter. System corrupted: Matter fused (-10). Acquired Aluminum Leg. R-06 Scavenger collects Aluminum Leg. Acquired 31 matter. Enh. Autogun destroyed. [Achievement: Part-time Excavator] C-30 ARC bursts open, deploying its payload. S-10 Pest unfolds itself. Acquired EM Pulse Cannon. Lgt. Nuclear Core destroyed. System corrupted: EM Pulse Cannon failed to cycle. System corrupted: Energy discharge (-21). Aluminum Leg destroyed. X-57 Shotgunner destroyed. EM Pulse Cannon destroyed. Map ----- +----------------------------------------------------+ | ????????????????????????????????????????????????# | | ????????????????????????????????????????????????# | | ????????????????????????????????????????????????# | | ????????????????????????????????????????????????# | | ????????????????????????????????????????????????# | | ????????????????????????????????????????????????## | | ?????????????????????????????????????????????????? | | ???????????????????????????????????????? ??????? | | ???????????????????????????????????????? ??????? | | ???????????????????????????????????????? ??????? | | ???????????????????????????????????????# #?????? | | ?????????????????????????????###???????# #?????? | | ????????????????????????????? #???????# +?????? | | ?????????????????????????????# #???????# #?????? | | ?????????????????????? ?????# #?????### ###??#+ | | ????????????????????###+###### ###???# #### | | ????????????????????# # ##### | | ????????????????????# """ # | | ???????????????????## """ # | | ??????????????????? + # ? | | ????????????????????# s # #???# | | ???????????????###### " ###+####???? ??# | | ?????????????? %+ "" s%# % %! #???###/##### | | ????????????????????# " [g[[ ! [##### *## | | ????????????????????# s [x# % ! ## # = ## | | ????????????????????# "" @ #%|= =##### " !/ | | ????????????????????# """ # !!! !#???# ## | | ????????????????????# "" # #???# !## | | ????????????????????# ########???# " ##### | | ????????????????????########??????????# " ## | | | ??????????????????????????????????????# """ ### | | ??????????????????????????????????????# ### | | ??????????????????????????????????????# "" ## ! | | ??????????????????????????????????????# S"" #?# | | ??????????????????????????????????????# "" #?### | | ??????????????????????????????????????#! #?### | | ??????????????????????????????????????#####+##??# | | ??????????????????????????????????????????# #???# | | ??????????????????????????????????????????# #???# | | ??????????????????????????????###???##????# #???# | | ?????????????????????????????? #???# #???# | | ????????????????????????????# """ """ #???# #???#? | | ????????????????????????????# """ """ #??## ##???? | | ????????????????????????????# """ """ #??# ####? | | ????????????????????????????? #??# T +? | | ??????????????????????????????? ! #??# ## #? | | ????????????????????????????????? #??## ##??#? | | ??????????????????????????????????? #???# #????? | | ???????????????????????????????##+###+##### #????? | | ????????????????????#######????# #????? | +----------------------------------------------------+ Best States ------------- Heat Dissipation 45 Energy Generation 14 Energy Capacity 250 Matter Stores 300 Matter Capacity 300 Sight Range 18 Terrain Scan Range 16 Terrain Scan Density 10 Armor Coverage 150 Evasion (%) 64 Targeting Accuracy 32 Recoil Reduction 2 Item Schematics ----------------- None Robot Schematics ------------------ None Fabricated ------------ Nothing Alien Tech Used ----------------- None Achievements -------------- Part-time Excavator Unlikely Earthworm Challenges ------------ None Game ------ Seed TitaniumReactiveAirjet Manual? 0 Play Time 00:41:27 Cumulative 14.1 hours Start 2024.07.22 @ 16:20:27 End 2024.07.22 @ 16:59:52 Sessions 1 Manual Loads 0 Difficulty Rogue Special Mode None Game No. 14 Rogue 14 Adventurer 0 Explorer 0 Win Type - Total 0 Types 0/0/0/0/0/0/0/0/0 Lore% 12 Gallery% 16 Achievement% 14 Wizard Run 0 Options --------- Layout 1 ASCII 0 Keyboard 0 Movement Mouse Keybinds 0 Fullscreen 1 Font 16/Terminus Map View 55x38 Zoom Use 0% Tactical HUD 0 Map Filters NONE Filters NONE Steam 1 RUN: 106aceee-4137-479c-bb17-397144d47965